 Dungeon Crawl Stone Soup version 0.30.1 (webtiles) character file.

Game seed: 17773579546270694897

5002 Ropoff the Cleaver (level 10, -7/86 HPs)
             Began as a Hill Orc Fighter on July 9, 2023.
             Was an Elder of Cheibriados.
             Mangled by a troll (14 damage)
             ... on level 9 of the Dungeon.
             The game lasted 00:56:03 (8312 turns).

Ropoff the Cleaver (Hill Orc Fighter)               Turns: 8312, Time: 00:56:04

Health: -7/86      AC: 16    Str: 40    XL:     10   Next: 54%
Magic:  10/10      EV:  8    Int: 18    God:    Cheibriados [****..]
Gold:   484        SH: 12    Dex: 20    Spells: 9/9 levels left

rFire   . . .        q - +4 morningstar (freeze) {strength}
rCold   . . .        T - +0 kite shield
rNeg    . . .        u - +1 plate armour
rPois   .            W - +0 helmet
rElec   .            (no cloak)
rCorr   .            (no gloves)
SInv    +            (no boots)
Will    .....        (no amulet) Stlth
                     M - ring of see invisible
HPRegen 0.34/turn    U - +6 ring of strength
MPRegen 0.12/turn

%: no passive effects
@: very slow
A: no striking features
a: Renounce Religion, Bend Time, Temporal Distortion, Slouch


You were on level 9 of the Dungeon.
You worshipped Cheibriados.
Cheibriados was greatly pleased with you.
You visited 2 branches of the dungeon, and saw 10 of its levels.

You collected 484 gold pieces.

Inventory:

Hand Weapons
 a - a +0 war axe
 f - a +0 club
 h - a +0 sling
 i - a +0 spear
 k - a +0 dagger
 q - a +4 morningstar of freezing (weapon) {strength}
 B - a +3 war axe
Missiles
 e - 148 stones
 t - 41 poisoned darts
Armour
 b - a +0 scale mail
 c - a +0 buckler
 j - a +0 robe
 u - a +1 plate armour (worn)
 A - a +0 ring mail
 E - a +0 leather armour
 F - the +0 leather armour of the Skies Above {Harm rF+ rC- Dex+3}
   (You found it on level 3 of the Dungeon)

   Dex:       It affects your dexterity (+3).
   rF:        It protects you from fire.
   rC:        It makes you vulnerable to cold.
   Harm:      It increases damage dealt and taken.
 H - a +0 ring mail
 I - a +2 scale mail of willpower
 T - a +0 kite shield (worn)
 W - a +0 helmet (worn)
Magical Staves
 z - a staff of air
Jewellery
 m - a ring of resist corrosion
 G - a ring of ice
 M - a ring of see invisible (left hand)
 U - a +6 ring of strength (right hand)
Wands
 K - a wand of flame (6)
Scrolls
 g - a scroll of brand weapon {unknown}
 l - a scroll of teleportation (quivered) {unknown}
 o - a scroll of enchant armour
 p - 2 scrolls of fear {unknown}
 r - 6 scrolls of identify
 y - 2 scrolls of magic mapping
 L - a scroll of immolation {unknown}
 O - a scroll of torment {unknown}
 P - a scroll of butterflies {unknown}
 Q - a scroll of noise {unknown}
 V - a scroll of silence {unknown}
Potions
 d - a potion of might
 n - a potion of cancellation {unknown}
 s - a potion of resistance
 v - 2 potions of lignification {unknown}
 x - 2 potions of mutation {unknown}
 D - a potion of magic {unknown}
 J - a potion of ambrosia {unknown}
 N - 2 potions of flight {unknown}
 R - a potion of invisibility {unknown}
 S - 2 potions of berserk rage {unknown}


   Skills:
 + Level 7.1 Fighting
 + Level 12.7(13.0) Axes
 + Level 3.1(7.6) Maces & Flails
 + Level 9.2 Armour
 + Level 1.0 Dodging
 + Level 0.3 Stealth
 + Level 7.6 Shields


You had 9 spell levels left.
You didn't know any spells.
Your spell library contained the following spells:

 Spells                   Type           Power      Damage    Failure   Level
 Lesser Beckoning         Tloc           0%         N/A       93%         2
 Gell's Gravitas          Tloc           0%         N/A       99%         3
 Teleport Other           Tloc           0%         N/A       99%         3
 Tukima's Dance           Hex            0%         N/A       99%         3
 Passage of Golubria      Tloc           0%         N/A       100%        4
 Yara's Violent Unravell  Hex/Tmut       0%         3d3       100%        5


Dungeon Overview and Level Annotations

Branches:
Dungeon (9/15)             Temple (1/1) D:4
   Lair: D:8-11         Orc: D:9-12

Altars:
Ashenzari
Cheibriados
Dithmenos
Elyvilon
Fedhas
Gozag
Hepliaklqana
Kikubaaqudgha
Makhleb
Nemelex Xobeh
Okawaru
Ru
Sif Muna
Trog
Uskayaw
Vehumet
Wu Jian
Xom
Yredelemnul
The Shining One

Shops:
D:2 ?

Annotations:
Temple 4 transporters


Message History

You completely miss the polar bear.
The polar bear is almost dead.
The polar bear goes berserk!
You puncture the polar bear! You freeze the polar bear.
You kill the polar bear!
Cheibriados thoroughly appreciates the change of pace.
Your base Maces & Flails skill increases to level 3!
You barely miss the ice beast.
The ice beast hits you but does no damage.
You block the ice beast's attack.
You closely miss the ice beast. The ice beast barely misses you.
You sock the ice beast!
The ice beast is heavily wounded.
You block the ice beast's attack.
You hit the ice beast but do no damage.
The ice beast is heavily wounded.
You block the ice beast's attack.
You sock the ice beast!
You kill the ice beast!
Cheibriados appreciates the change of pace.
You closely miss the troll. The troll barely misses you. The troll claws you!
You block the troll's attack.
You puncture the troll! You freeze the troll!
The troll is severely wounded.
The troll closely misses you. The troll claws you.
You block the troll's attack.
You barely miss the troll.
The troll is severely wounded.
The troll bites you. The troll claws you.
* * * LOW HITPOINT WARNING * * *
The troll claws you.
* * * LOW HITPOINT WARNING * * *
The troll bites you.
* * * LOW HITPOINT WARNING * * *
The troll claws you!
* * * LOW HITPOINT WARNING * * *
The troll claws you but does no damage.
Okay, then.
The troll attacks as you move away! The troll bites you!
You die...

###........
##.........#
###........###
###.......####
####.......### .
###........###
...##........###
.#.........###
........@###
........#TY#
......###YT#
.....# ##..##
#.. ...##
#....#..[.T ..
#.......... .
#...#....#.
#..........
#........#.


You could see 2 trolls and 2 ice beasts.

Vanquished Creatures
  The ghost of gbid0 the Protected, a novice MiMo (D:7)
  A moth of wrath (D:7)
  Joseph (D:7)
  A rime drake (D:9)
  2 polar bears (D:9)
  Grinder (D:3)
  Sigmund (D:4)
  Menkaure (D:5)
  2 orc warriors (D:7)
  An ice beast (D:9)
  3 ogres
  A black bear (D:6)
  2 wolves (D:9)
  A centaur (D:9)
  3 kobold brigands
  3 scorpions
  4 bullfrogs
  2 gnoll sergeants (D:7)
  5 wights (D:8)
  A howler monkey (D:8)
  2 jellies
  4 hounds
  3 sleepcaps
  Terence (D:3)
  3 iguanas
  2 orc wizards (D:8)
  A statue (D:6)
  2 gnolls (D:8)
  7 adders
  2 white imps
  2 ufetubi
  A worm (D:4)
  3 dart slugs
  18 orcs
  2 bats
  13 endoplasms
  3 giant cockroaches
  7 goblins
  8 hobgoblins
  8 jackals (D:2)
  26 kobolds
  A quokka (D:4)
  5 ball pythons
  3 frilled lizards (D:2)
  10 rats
174 creatures vanquished.

Notes
Turn   | Place    | Note
-------+----------+-------------------------------------------
     0 | D:1      | Ropoff the Hill Orc Fighter began the quest for the Orb.
     0 | D:1      | Reached XP level 1. HP: 19/19 MP: 1/1
   244 | D:1      | Reached XP level 2. HP: 23/27 MP: 2/2
   633 | D:1      | Reached skill level 3 in Axes
  1146 | D:2      | Reached XP level 3. HP: 29/33 MP: 3/3
  1631 | D:2      | Found Ninlaqex's Magic Scroll Emporium.
  1731 | D:2      | Found a snail-covered altar of Cheibriados.
  1761 | D:2      | Became a worshipper of Cheibriados the Contemplative
  1957 | D:2      | Reached XP level 4. HP: 40/40 MP: 4/4
  2028 | D:2      | Reached * piety under Cheibriados
  2477 | D:3      | Reached skill level 4 in Axes
  2544 | D:3      | Identified the +0 leather armour of the Skies Above {Harm
                  | rF+ rC- Dex+3}
  2615 | D:3      | Noticed Grinder
  2617 | D:3      | Paralysed by Grinder for 2 turns
  2627 | D:3      | Paralysed by Grinder for 4 turns
  2635 | D:3      | Killed Grinder
  2636 | D:3      | Reached skill level 6 in Axes
  2636 | D:3      | Reached XP level 5. HP: 26/47 MP: 5/5
  2636 | D:3      | Reached XP level 6. HP: 29/53 MP: 6/6
  2646 | D:3      | Noticed Terence
  2653 | D:3      | Killed Terence
  3303 | D:4      | Found a staircase to the Ecumenical Temple.
  3307 | D:4      | Reached skill level 5 in Armour
  3329 | D:4      | Found a basalt altar of Yredelemnul.
  3690 | D:4      | Noticed Sigmund
  3710 | D:4      | Killed Sigmund
  3711 | D:4      | Reached XP level 7. HP: 51/60 MP: 7/7
  4021 | Temple   | Entered the Ecumenical Temple
  4021 | Temple   | Found a transporter.
  4021 | Temple   | Found a transporter.
  4023 | Temple   | Found a transporter.
  4023 | Temple   | Found a transporter.
  4087 | D:5      | Entered Level 5 of the Dungeon
  4131 | D:5      | Reached skill level 7 in Axes
  4392 | D:5      | Found a sparkling altar of Nemelex Xobeh.
  4422 | D:5      | Reached skill level 5 in Fighting
  4606 | D:5      | Reached skill level 8 in Axes
  4754 | D:5      | Found an ornate altar of the Wu Jian Council.
  4946 | D:5      | Noticed Menkaure
  4955 | D:5      | Killed Menkaure
  4955 | D:5      | Reached ** piety under Cheibriados
  4956 | D:5      | Reached XP level 8. HP: 47/68 MP: 8/8
  5182 | D:6      | Reached skill level 5 in Shields
  5304 | D:6      | Reached skill level 9 in Axes
  5428 | D:6      | Found an opulent altar of Gozag.
  5557 | D:6      | Found a radiant altar of Vehumet.
  5910 | D:6      | Found a shimmering altar of Xom.
  5916 | D:6      | Found a glowing golden altar of the Shining One.
  6122 | D:7      | Reached skill level 10 in Axes
  6267 | D:7      | Reached XP level 9. HP: 75/75 MP: 9/9
  6329 | D:7      | Noticed Joseph
  6344 | D:7      | Reached *** piety under Cheibriados
  6355 | D:7      | Killed Joseph
  6812 | D:7      | Noticed a moth of wrath
  6815 | D:7      | Noticed gbid0's ghost (novice MiMo)
  6828 | D:7      | Found a transporter.
  6830 | D:7      | Found a transporter.
  6837 | D:7      | Found a bloodstained altar of Trog.
  6886 | D:7      | Reached skill level 11 in Axes
  6887 | D:7      | Killed a moth of wrath
  6941 | D:7      | Killed gbid0's ghost
  6942 | D:7      | Reached skill level 12 in Axes
  6945 | D:7      | Reached XP level 10. HP: 14/84 MP: 0/10
  7322 | D:8      | Reached skill level 1 in Dodging
  7389 | D:8      | Found an iron altar of Okawaru.
  7458 | D:8      | Reached **** piety under Cheibriados
  7493 | D:8      | Found a blossoming altar of Fedhas.
  7494 | D:8      | Found an ancient bone altar of Kikubaaqudgha.
  7567 | D:8      | Found a broken altar of Ashenzari.
  7647 | D:8      | Found a hazy altar of Hepliaklqana.
  7649 | D:8      | Reached skill level 1 in Maces & Flails
  8312 | D:9      | Mangled by a troll

Illustrated notes

Levels and vault maps discovered:
D:1:      psy_arrival_fountain, layout_loops_cross, minmay_stone_trees_medium
D:2:      layout_basic, basic_altar, serial_shops, shop, minmay_vboxes
D:3:      layout_rooms, kennysheep_generic_room_11, uniq_grinder, uniq_terence
D:4:      layout_rooms, kennysheep_mini_moat, minmay_temple_entry_crystal_x,
          serial_glass, glass_columns_b, glass_columns_a, glass_columns_b,
          glass_columns_b, uniq_sigmund
D:5:      layout_gridville, mainiacjoe_overflow_boulevard,
          mainiacjoe_overflow_alcove_4, uniq_menkaure
D:6:      layout_basic, grunt_gozag_breadcrumbs, grunt_temple_overflow_open,
          vehumet_statue, hex_large
D:7:      layout_rooms, gammafunk_ghost_wrathful_warriors,
          minmay_curled_crystal, uniq_joseph
D:8:      layout_basic, grunt_temple_overflow_growth_and_decay,
          mainiacjoe_overflow_cross_hatched, nzn_hepliaklqana_mist_gate,
          okawaru_altar_gauntlet_db
D:9:      layout_cave_pods, mainiacjoe_overflow_surrounded_room,
          hellmonk_lair_entry_icy
Temple:   hellmonk_temple_divided_pantheon

Skill      XL: |  1  2  3  4  5  6  7  8  9 10 |
---------------+-------------------------------+-----
Axes           | 3 6 8 10 12 | 12.7
Fighting       | 4 5 6 7 |  7.1
Armour         | 4 5 6 7 8 9 |  9.2
Shields        | 4 5 6 7 |  7.6
Dodging        | 1 |  1.0
Maces & Flails | 3 |  3.1
Stealth        | |  0.3

Action                     |  1- 3 |  4- 6 |  7- 9 | 10-12 || total
---------------------------+-------+-------+-------+-------++-------
  Melee: War axe           |   105 |    83 |   173 |    28 ||   389
         Morningstar       |       |       |       |   108 ||   108
    Use: Potion            |       |     2 |    10 |       ||    12
         Scroll            |       |       |     6 |       ||     6
 Armour: Scale mail        |    30 |       |       |       ||    30
         Plate armour      |    16 |    39 |    81 |    92 ||   228
  Dodge: Dodged            |    52 |    23 |    39 |    55 ||   169
  Block: Buckler           |    25 |    17 |    10 |       ||    52
         Kite shield       |       |       |    89 |   108 ||   197
